 Dungeon Crawl Stone Soup version 0.30.1-4-g462c640d31 (webtiles) character file.

Game seed: 4100663787286957218

14699 Grohoret the Spry (level 12, -2/105 HPs)
             Began as a Merfolk Gladiator on Sept 7, 2023.
             Was a Follower of the Shining One.
             Slain by a minotaur
             ... wielding a +0 mace
              (34 damage)
             ... in a Gauntlet.
             The game lasted 00:30:51 (11224 turns).

Grohoret the Spry (Merfolk Gladiator)              Turns: 11224, Time: 00:30:52

Health: -2/105     AC:  4    Str: 19    XL:     12   Next: 19%
Magic:  12/12      EV: 28    Int: 13    God:    the Shining One [*.....]
Gold:   606        SH:  0    Dex: 19    Spells: 11/11 levels left

rFire   . . .        q - +7 spear "Fifif" {spect, Will+}
rCold   . . .        (no shield)
rNeg    . . .        b - +0 leather armour
rPois   .            x - +0 helmet
rElec   .            (no cloak)
rCorr   .            (no gloves)
SInv    .            (no boots)
Will    .....        z - amulet of the acrobat
Stlth   +            C - +5 ring of evasion
HPRegen 0.37/turn    r - ring of Fuif Wei {Will- Str+3 Int+6 Slay+3}
MPRegen 0.13/turn

%: no teleportation, acrobat
@: mighty, glowing
A: (nimble swimmer 2), mertail
a: Renounce Religion, Divine Shield


You were in a Gauntlet.
You worshipped the Shining One.
The Shining One was aware of your devotion.
You visited 2 branches of the dungeon, and saw 12 of its levels.
You also visited: Gauntlet.

You collected 606 gold pieces.

Inventory:

Hand Weapons
 a - a +0 trident
 q - the +7 spear "Fifif" (weapon) {spect, Will+}
   (You found it on level 3 of the Dungeon)

   Will:      It increases your willpower.
Missiles
 d - 6 throwing nets (quivered)
 e - 3 javelins
Armour
 b - a +0 leather armour (worn)
 c - a +0 helmet
 x - a +0 helmet (worn)
Jewellery
 r - the ring of Fuif Wei (right hand) {Will- Str+3 Int+6 Slay+3}
   (You found it in a Gauntlet)

   [ring of intelligence]

   Str:       It affects your strength (+3).
   Int:       It affects your intelligence (+6).
   Slay:      It affects your accuracy & damage with ranged weapons and melee
   (+3).
   Will:      It decreases your willpower.
 w - a ring of ice
 z - an amulet of the acrobat (around neck)
 C - a +5 ring of evasion (left hand)
 F - an amulet of magic regeneration
 J - a +6 ring of dexterity
Wands
 s - a wand of iceblast (13)
 D - a wand of digging (9)
 G - a wand of charming (11)
Scrolls
 g - 2 scrolls of vulnerability
 i - 3 scrolls of enchant armour {unknown}
 k - 4 scrolls of amnesia
 l - 3 scrolls of noise {unknown}
 n - a scroll of fog {unknown}
 o - 3 scrolls of teleportation {unknown}
 p - 3 scrolls of fear {unknown}
 y - 2 scrolls of immolation
 A - a scroll of torment
 B - a scroll of blinking {unknown}
 E - 3 scrolls of magic mapping {unknown}
 H - 3 scrolls of acquirement {unknown}
Potions
 f - a potion of magic
 j - a potion of heal wounds
 m - 3 potions of brilliance
 u - 4 potions of curing
 v - 2 potions of mutation
 I - 3 potions of resistance
 L - a potion of degeneration {unknown}
Miscellaneous
 K - a phial of floods


   Skills:
 * Level 13.5 Fighting
 + Level 12.0 Polearms
 - Level 2.0 Throwing
 * Level 16.2 Dodging


You had 11 spell levels left.
You didn't know any spells.
Your spell library contained the following spells:

 Spells                   Type           Power      Damage    Failure   Level
 Ensorcelled Hibernation  Hex/Ice        0%         N/A       50%         2
 Sublimation of Blood     Necr           0%         N/A       50%         2
 Spider Form              Tmut/Pois      0%         N/A       73%         3
 Tukima's Dance           Hex            0%         N/A       73%         3
 Vhi's Electric Charge    Tloc/Air       0%         N/A       73%         3
 Anguish                  Hex/Necr       0%         N/A       98%         4
 Passage of Golubria      Tloc           0%         N/A       98%         4
 Petrify                  Tmut/Erth      0%         N/A       98%         4
 Arcjolt                  Conj/Air       0%         1d10      100%        5
 Irradiate                Conj/Tmut      0%         3d11      100%        5
 Summon Forest            Summ/Tloc      0%         N/A       100%        5
 Yara's Violent Unravell  Hex/Tmut       0%         3d3       100%        5
 Eringya's Noxious Bog    Tmut/Pois      0%         N/A       100%        6
 Summon Hydra             Summ           0%         N/A       100%        7
 Maxwell's Capacitive Co  Air            0%         ∞         100%        8


Dungeon Overview and Level Annotations

Branches:
Dungeon (11/15)            Temple (1/1) D:6            Lair (0/5) D:10
Gauntlet (1/1)
    Orc: D:9-12

Altars:
Ashenzari
Cheibriados
Dithmenos
Elyvilon
Fedhas
Gozag
Hepliaklqana
Kikubaaqudgha
Makhleb
Nemelex Xobeh
Okawaru
Qazlal
Ru
Sif Muna
Trog
Uskayaw
Vehumet
Wu Jian
Xom
Yredelemnul
Zin
The Shining One

Shops:
D:2 :   D:5 :

Annotations:
Gauntlet 8 transporters


Innate Abilities, Weirdness & Mutations

((You are very nimble when in or above water. (Stealth+, EV+, Speed+++)))
Your lower body shifts to a powerful aquatic tail in water.


Message History

You hit the minotaur.
The minotaur is moderately wounded.
Your +7 spear "Fifif" {spect, Will+} hits the minotaur but does no damage.
The minotaur hits you with a +0 mace!! The minotaur gores you!
You hit the minotaur but do no damage.
The minotaur is moderately wounded.
Your +7 spear "Fifif" {spect, Will+} hits the minotaur but does no damage.
You hit the minotaur but do no damage.
The minotaur is moderately wounded.
Your +7 spear "Fifif" {spect, Will+} hits the minotaur but does no damage.
The minotaur hits you with a +0 mace! The minotaur gores you!
You are too injured to fight recklessly!
You feel much better.
Your +7 spear "Fifif" {spect, Will+} disappears.
The minotaur completely misses you. The minotaur gores you!
You puncture the minotaur!
The minotaur is moderately wounded.
Your +7 spear "Fifif" {spect, Will+} hits the minotaur but does no damage.
You hit the minotaur but do no damage.
The minotaur is moderately wounded.
Your +7 spear "Fifif" {spect, Will+} hits the minotaur but does no damage.
The minotaur hits you with a +0 mace!! The minotaur gores you!
* * * LOW HITPOINT WARNING * * *
You hit the minotaur but do no damage.
The minotaur is moderately wounded.
Your +7 spear "Fifif" {spect, Will+} hits the minotaur.
You hit the minotaur.
The minotaur is heavily wounded.
Your +7 spear "Fifif" {spect, Will+} hits the minotaur but does no damage.
The minotaur hits you with a +0 mace!
* * * LOW HITPOINT WARNING * * *
The minotaur gores you!
* * * LOW HITPOINT WARNING * * *
You feel much better.
Your +7 spear "Fifif" {spect, Will+} disappears.
The minotaur closely misses you. x2
It was a potion of might.
You feel very mighty all of a sudden. The minotaur hits you with a +0 mace!!
You die...

#...##≈...#.
#######.♣.###...#.
#....##...##..♣.#?
#.##.##.♣.#.....#©
#.##......#.♣P..#)
#.##.##.©.#.....#[ # #
#....##...#.....#.
#≈≈.#.#.##.##.©.#.....##
#≈∩...H@##......#..∩....
#≈≈.#.#.##.##.©.#.....##
# # #....##...#.....#3
#.##.##.©.#.....#) #.#
......#.♣P..#. #.#
.##.♣.#...P.#© #..
#...##..♣.#! ### #.♣.
##.P.#[ #...##≈...#.


You could see a minotaur.

Vanquished Creatures
  A quicksilver ooze (Gauntlet)
  2 two-headed ogres (D:9)
  A centaur warrior (D:9)
  A deep elf knight (D:9)
  Pikel (D:9)
  A manticore (D:9)
  A cyclops (D:9)
  2 hornets
  A slime creature (D:9)
  A wraith (D:9)
  4 flying skulls (Gauntlet)
  3 wyverns
  11 yaks
  2 vampires (D:10)
  4 hogs (D:10)
  A human (D:10)
  A vampire mosquito (D:9)
  A basilisk (D:9)
  2 swamp worms (Gauntlet)
  2 wargs (D:10)
  4 water moccasins
  4 orc warriors
  3 sky beasts
  A black bear (D:5)
  4 ice beasts
  5 centaurs
  4 ogres
  A kobold brigand (D:9)
  2 lemures (D:9)
  4 bullfrogs
  2 gnoll sergeants (D:9)
  2 scorpions
  6 wights
  21 killer bees
  4 howler monkeys
  The ghost of HagarQim the Magician, a weakling OpHW (D:3)
  2 hounds
  3 jellies
  7 orc priests
  2 gnoll boudas
  15 orc wizards
  Natasha (thrice) (D:3)
  An iguana (D:4)
  12 gnolls
  4 adders
  2 shadow imps
  2 white imps (D:7)
  A dart slug (D:2)
  40 orcs
  5 bats
  5 endoplasms
  A giant cockroach (D:2)
  6 goblins
  7 hobgoblins
  5 jackals
  2 quokkas
  3 ball pythons
  3 frilled lizards
  A hobgoblin zombie (D:11)
  5 kobolds
  5 rats
253 creatures vanquished.

Vanquished Creatures (others)
  A spectral weapon (Gauntlet)
1 creature vanquished.

Grand Total: 254 creatures vanquished

Notes
Turn   | Place    | Note
-------+----------+-------------------------------------------
     0 | D:1      | Grohoret the Merfolk Gladiator began the quest for the Orb.
     0 | D:1      | Reached XP level 1. HP: 16/16 MP: 1/1
   200 | D:1      | Found a faded altar of an unknown god.
   350 | D:1      | Reached XP level 2. HP: 23/23 MP: 2/2
   883 | D:2      | Reached XP level 3. HP: 28/28 MP: 3/3
  1066 | D:2      | Found Suurr's Book Emporium.
  1558 | D:3      | Identified the +7 spear "Fifif" {spect, Will+}
  1865 | D:3      | Noticed Natasha
  1874 | D:3      | Killed Natasha
  1875 | D:3      | Reached skill level 5 in Dodging
  1875 | D:3      | Reached XP level 4. HP: 18/35 MP: 4/4
  2045 | D:3      | Noticed Natasha
  2061 | D:3      | Killed Natasha
  2259 | D:3      | Found a runed translucent gate.
  2259 | D:3      | Found a runed translucent gate.
  2259 | D:3      | Noticed HagarQim's ghost (weakling OpHW)
  2261 | D:3      | Found a runed translucent gate.
  2504 | D:3      | Noticed Natasha
  2510 | D:3      | Killed Natasha
  2511 | D:3      | Reached XP level 5. HP: 37/42 MP: 5/5
  2538 | D:3      | Reached skill level 5 in Polearms
  2599 | D:3      | Killed HagarQim's ghost
  2600 | D:3      | Reached skill level 6 in Dodging
  2665 | D:4      | Reached XP level 6. HP: 32/49 MP: 6/6
  2832 | D:4      | Found a shimmering altar of Xom.
  3431 | D:5      | Entered Level 5 of the Dungeon
  3448 | D:5      | Reached skill level 5 in Fighting
  3513 | D:5      | Reached skill level 7 in Dodging
  3513 | D:5      | Reached XP level 7. HP: 29/56 MP: 7/7
  3943 | D:5      | Reached skill level 8 in Dodging
  4123 | D:5      | Reached XP level 8. HP: 65/65 MP: 8/8
  4222 | D:5      | Found Paps's Self-Improvement Boutique.
  4627 | D:6      | Reached skill level 9 in Dodging
  4802 | D:6      | Found a staircase to the Ecumenical Temple.
  4840 | Temple   | Entered the Ecumenical Temple
  5415 | D:7      | Found a basalt altar of Yredelemnul.
  5426 | D:7      | Reached skill level 10 in Dodging
  5431 | D:7      | Reached XP level 9. HP: 74/74 MP: 9/9
  5917 | D:7      | Reached skill level 11 in Dodging
  6262 | D:7      | Found an ancient bone altar of Kikubaaqudgha.
  6884 | D:8      | Found an opulent altar of Gozag.
  7180 | D:9      | Noticed a two-headed ogre
  7401 | D:9      | Reached skill level 12 in Dodging
  7401 | D:9      | Reached XP level 10. HP: 85/85 MP: 10/10
  7498 | D:9      | Reached skill level 10 in Fighting
  7557 | D:9      | Noticed a two-headed ogre
  7577 | D:9      | Killed a two-headed ogre
  7788 | D:9      | Noticed Pikel
  7809 | D:9      | Killed Pikel
  7810 | D:9      | Reached skill level 13 in Dodging
  7954 | D:9      | Reached skill level 10 in Polearms
  8058 | D:9      | Killed a two-headed ogre
  8215 | D:9      | Reached XP level 11. HP: 93/93 MP: 11/11
  8224 | D:9      | Reached skill level 14 in Dodging
  8441 | D:9      | Noticed a centaur warrior
  8515 | D:9      | Killed a centaur warrior
  8953 | D:9      | Noticed a manticore
  8963 | D:9      | Killed a manticore
  9006 | D:9      | Noticed a deep elf knight
  9018 | D:9      | Killed a deep elf knight
  9019 | D:9      | Reached skill level 15 in Dodging
  9152 | D:9      | Noticed a cyclops
  9161 | D:9      | Killed a cyclops
  9328 | D:10     | Entered Level 10 of the Dungeon
  9715 | D:10     | Found an iron altar of Okawaru.
  9762 | D:10     | Found a glowing golden altar of the Shining One.
  9763 | D:10     | Found an ornate altar of the Wu Jian Council.
  9770 | D:10     | Became a worshipper of the Shining One
 10041 | D:10     | Found a staircase to the Lair.
 10058 | D:10     | Reached XP level 12. HP: 82/105 MP: 12/12
 10270 | D:11     | Found a gate leading to a gauntlet.
 10278 | Gauntlet | Entered a Gauntlet
 10278 | Gauntlet | Found a transporter.
 10289 | Gauntlet | Found a transporter.
 10306 | Gauntlet | Found a transporter.
 10309 | Gauntlet | Found a transporter.
 10311 | Gauntlet | Noticed a quicksilver ooze
 10317 | Gauntlet | Found a transporter.
 10338 | Gauntlet | Found a transporter.
 10343 | Gauntlet | Reached * piety under the Shining One
 10349 | Gauntlet | Found a transporter.
 10358 | Gauntlet | Noticed a hell beast
 10359 | Gauntlet | Noticed a cacodemon
 10361 | Gauntlet | Found a transporter.
 10382 | Gauntlet | Found a transporter.
 10396 | Gauntlet | Found a transporter.
 10396 | Gauntlet | Found a transporter.
 10445 | Gauntlet | Found a transporter.
 10459 | Gauntlet | Found a transporter.
 10718 | Gauntlet | Reached skill level 16 in Dodging
 10803 | Gauntlet | Found a transporter.
 11108 | Gauntlet | Killed a quicksilver ooze
 11117 | Gauntlet | Identified the ring of Fuif Wei {Will- Str+3 Int+6 Slay+3}
 11202 | Gauntlet | Identified the ring of Spontaneous Combustion {rC- rN++
                  | AC+4}
 11202 | Gauntlet | Noticed a minotaur
 11224 | Gauntlet | Slain by a minotaur

Illustrated notes

Levels and vault maps discovered:
D:1:      tarquinn_simple_flora_water_a, layout_loops_ring,
          shapermc_ecumenical_altar_mp_highgroup
D:2:      layout_loops_cross, serial_shops, shop
D:3:      layout_loops_ring, ebering_ghost_rock_garden, kennysheep_another_room,
          glass_columns_c, uniq_natasha
D:4:      layout_loops_ring, mainiacjoe_overflow_24_doors
D:5:      layout_loops_corners, minmay_crystal_room, minmay_strange_pillars,
          ebering_dispersal_statue_hall, nicolae_shop_self_help
D:6:      layout_loops_cross, minmay_temple_entry_glass
D:7:      layout_basic, overflow_temple_1_default, kennysheep_mini
D:8:      layout_loops_ring, mainiacjoe_overflow_brackets
D:9:      nzn_winding_woodlands_stair_cross [nzn_winding_woodlands_5x15_pool,
          nzn_winding_woodlands_center_triple_pond,
          nzn_winding_woodlands_5x15_parted,
          nzn_winding_woodlands_5x5_closed_star,
          nzn_winding_woodlands_5x5_three, nzn_winding_woodlands_5x15_sawtooth,
          nzn_winding_woodlands_center_lodge,
          nzn_winding_woodlands_5x15_longhouse], layout_basic, uniq_pikel
D:10:     layout_irregular_city, okawaru_ov_weapons_minmay,
          nicolae_overflow_two_pavilions, erik_lair_orcish_takeover,
          grunt_livestock
D:11:     layout_rooms, zombieorc2_lemuel, portal_ice_cave_entry_ice_simulacra,
          gauntlet_entry_generic
Temple:   hellmonk_temple_two_chambers
Gauntlet: minmay_gauntlet_77_tree [minmay_gauntlet_arena_77_two_lines,
          minmay_gauntlet_arena_77_box, minmay_gauntlet_arena_77_braids,
          minmay_gauntlet_arena_77_checkered,
          minmay_gauntlet_arena_77_block_sizes,
          minmay_gauntlet_arena_77_two_paths, minmay_gauntlet_arena_77_museum,
          gauntlet_exit_watery]

Skill      XL: |  1  2  3  4  5  6  7  8  9 10 11 12 |
---------------+-------------------------------------+-----
Fighting       | 3 4 5 6 8 9 11 13 | 13.5
Dodging        | 5 6 7 8 10 12 13 15 16 | 16.2
Polearms       | 5 6 7 9 10 11 12 | 12.0
Throwing       | |  2.0

Action                     |  1- 3 |  4- 6 |  7- 9 | 10-12 || total
---------------------------+-------+-------+-------+-------++-------
  Melee: Trident           |   112 |    29 |       |       ||   141
         Punch             |     1 |       |     2 |     2 ||     5
         Spear             |       |    55 |   209 |   382 ||   646
         Tailslap          |       |       |       |     3 ||     3
    Use: Scroll            |     3 |     1 |       |     3 ||     7
         Potion            |     1 |       |     2 |     5 ||     8
   Stab: Sleeping          |     3 |       |     3 |     1 ||     7
         Distracted        |       |       |     3 |     9 ||    12
 Armour: Leather armour    |    20 |    10 |     9 |     7 ||    46
  Dodge: Dodged            |    61 |    31 |    60 |   167 ||   319
